 Dungeon Crawl Stone Soup version 0.29.1-14-g9c671dbff4 (webtiles) character file.

Game seed: 3470033078565177567

7 KittyFluff the Trooper (level 2, 0/28 HPs)
             Began as a Gargoyle Berserker on Feb 16, 2023.
             Was a Follower of Trog.
             Frozen to death by an endoplasm (4 damage)
             ... on level 1 of the Dungeon.
             The game lasted 00:01:12 (290 turns).

KittyFluff the Trooper (Gargoyle Berserker)          Turns: 290, Time: 00:01:14

Health: 0/28       AC:  5    Str: 20    XL:     2   Next: 4%
Magic:  2/2        EV: 11    Int:  7    God:    Trog [*.....]
Gold:   22         SH:  0    Dex:  9    Spells: 1/1 levels left

rFire   . . .      SeeInvis .   a - +0 mace
rCold   . . .      Faith    .   (no shield)
rNeg    + . .      Spirit   .   b - +0 animal skin
rPois   ∞          Reflect  .   (no helmet)
rElec   +          Harm     .   (no cloak)
rCorr   .          Rampage  .   (no gloves)
Will    .....                   (no boots)
Stlth   ..........              (no amulet)
HPRegen 0.09/turn               c - ring of flight
MPRegen 0.08/turn               (no ring)

@: berserking, flying, very quick
A: sickness immunity, AC +2, negative energy resistance 1, electricity
resistance, torment resistance 1, petrification resistance
a: Renounce Religion, Berserk


You were on level 1 of the Dungeon.
You worshipped Trog.
Trog was aware of your devotion.
You visited 1 branch of the dungeon, and saw 1 of its levels.

You collected 22 gold pieces.

Inventory:

Hand Weapons
 a - a +0 mace (weapon)
Armour
 b - a +0 animal skin (worn)
Jewellery
 c - a ring of flight (left hand)
Scrolls
 f - a scroll of enchant armour {unknown}
Potions
 d - a potion of degeneration {unknown}
 e - a potion of attraction {unknown}


   Skills:
 + Level 3.5 Fighting
 + Level 3.2 Maces & Flails
 * Level 2.3 Armour
 + Level 1.6 Dodging


You had one spell level left.
You didn't know any spells.
Your spell library was empty.

Dungeon Overview and Level Annotations

Branches:
Dungeon (1/15)

Altars:


Innate Abilities, Weirdness & Mutations

You are immune to sickness and miasma.
Your stone body is resilient. (AC +2)
You are immune to poison.
You resist negative energy. (rN+)
You are resistant to electric shocks. (rElec)
You are resistant to unholy torment.
You are immune to petrification.


Message History

You miss the kobold.
The kobold is moderately wounded.
The kobold misses you. The endoplasm freezes you.
You are frozen.
The endoplasm closely misses you. The kobold hits you with a +0 club.
You barely miss the kobold.
The kobold is moderately wounded.
The kobold closely misses you.
The endoplasm hits you but does no damage.
You closely miss the kobold.
The kobold is moderately wounded.
The kobold closely misses you.
The endoplasm hits you but does no damage.
You barely miss the kobold.
The kobold is moderately wounded.
The kobold hits you with a +0 club. The endoplasm freezes you.
You are frozen.
You barely miss the kobold.
The kobold is moderately wounded.
The kobold hits you with a +0 club.
* * * LOW HITPOINT WARNING * * *
The endoplasm barely misses you. The endoplasm freezes you.
You are frozen.
* * * LOW HITPOINT WARNING * * *
The kobold barely misses you.
A red film seems to cover your vision as you go berserk!
You feel yourself moving faster!
You feel mighty! The kobold hits you but does no damage.
The endoplasm hits you but does no damage.
You barely miss the kobold. You thump the kobold!
You feel the power of Trog in you as your rage grows.
You kill the kobold!
Trog accepts your kill. The endoplasm freezes you.
You are frozen.
You die...

..###.#.#
#.......#
#$......
+......
#..(?# +...?+
#(J..# #@)..#
#....# #....#
##+#+###....#
#...........#
+...........#
#...........#
#...........+
#.....#####.#


You could see an endoplasm.

Vanquished Creatures
  A bat (D:1)
  An endoplasm (D:1)
  A giant cockroach (D:1)
  A goblin (D:1)
  2 ball pythons (D:1)
  A kobold (D:1)
7 creatures vanquished.

Notes
Turn   | Place    | Note
-------+----------+-------------------------------------------
     0 | D:1      | KittyFluff the Gargoyle Berserker began the quest for the
                  | Orb.
     0 | D:1      | Reached XP level 1. HP: 14/14 MP: 1/1
   239 | D:1      | Reached XP level 2. HP: 19/19 MP: 2/2
   290 | D:1      | Frozen to death by an endoplasm

Illustrated notes

Levels and vault maps discovered:
D:1:      dpeg_arrival_pits, layout_basic, hex_intersection

Action                   || total
-------------------------++-------
Melee: Mace              ||    24
Invok: Berserk           ||     1
 Stab: Sleeping          ||     1
Armor: Animal skin       ||    13
Dodge: Dodged            ||    26
